 Dungeon Crawl Stone Soup version 0.30-b1-2-g02819fbbbe (webtiles) character file.

Game seed: 16907011488170121881

19 dorian the Insei (level 2, -3/18 HPs)
             Began as an Octopode Transmuter on May 13, 2023.
             Slain by Natasha (9 damage)
             ... on level 2 of the Dungeon.
             The game lasted 00:00:53 (736 turns).

dorian the Insei (Octopode Transmuter)               Turns: 736, Time: 00:00:54

Health: -3/18      AC:  1    Str:  9    XL:     2   Next: 75%
Magic:  4/5        EV: 13    Int: 15    God:
Gold:   95         SH:  0    Dex: 12    Spells: 4/5 levels left

rFire   . .          .
                       - Unarmed
rCold   . . .        (no shield)
rNeg    . . .        (helmet currently unavailable)
rPois   .            (no amulet)
rElec   .            (no ring)
rCorr   .            (no ring)
SInv    .            (no ring)
Will    .....        (no ring)
Stlth   ++           (no ring)
HPRegen 0.23/turn    (no ring)
MPRegen 0.09/turn    (no ring)
                     (no ring)

%: no passive effects
@: appendages (expiring), slowed, very slow
A: tentacle spike 3, almost no armour, amphibious, 8 rings, camouflage 1,
gelatinous body 1, (nimble swimmer 1), tentacles
a: End Transformation


You were on level 2 of the Dungeon.
One of your tentacles had grown a beastly spike.
You visited 1 branch of the dungeon, and saw 2 of its levels.

You collected 95 gold pieces.

Inventory:

Scrolls
 b - 2 scrolls of poison {unknown}
 c - a scroll of teleportation {unknown}
 d - a scroll of enchant armour {unknown}
 g - a scroll of enchant weapon {unknown}
Potions
 a - a potion of lignification
 e - 3 potions of heal wounds {unknown}
 f - a potion of flight {unknown}
 h - a potion of haste


   Skills:
 + Level 1.6 Fighting
 - Level 2.0 Dodging
 + Level 3.3 Unarmed Combat
 - Level 2.0 Spellcasting
 + Level 2.4 Transmutations


You had 4 spell levels left.
You knew the following spells:

 Your Spells              Type           Power      Damage    Failure   Level
a - Beastly Appendage     Tmut           16%        N/A       9%          1

Your spell library contained the following spells:

 Spells                   Type           Power      Damage    Failure   Level
 Wereblood                Tmut           8%         N/A       12%         2
 Spider Form              Tmut/Pois      5%         N/A       38%         3
 Ice Form                 Ice/Tmut       5%         N/A       80%         4


Dungeon Overview and Level Annotations

Branches:
Dungeon (2/15)

Altars:

Annotations:
D:2 Natasha


Innate Abilities, Weirdness & Mutations

One of your tentacles has grown a beastly spike.
You cannot wear most types of armour.
You are amphibious.
You can wear up to eight rings at the same time.
Your skin changes colour to match your surroundings (Stealth+).
Your rubbery body absorbs attacks. (AC +1, EV +1)
((You are camouflaged when in or above water. (Stealth+)))
You have tentacles for arms and can constrict up to eight enemies at once.


Message History

A dart slug is nearby!
The dart slug launches a dart at you. The slug dart misses you.
You tentacle-slap the dart slug but do no damage.
You grab the dart slug.
You pierce the dart slug, but do no damage.
You constrict the dart slug, but do no damage.
The dart slug closely misses you.
You tentacle-slap the dart slug.
The dart slug is moderately wounded.
Your tentacle spike disappears.
You constrict the dart slug. You tentacle-slap the dart slug.
You squeeze the dart slug.
You kill the dart slug!
No target in view!
No target in view!
You see here a dart slug corpse.
Natasha, Servant of Life and Death comes into view.
Natasha is nearby!
Natasha is nearby!
Casting: Beastly Appendage (safe; 9% risk of failure)
Confirm with . or Enter, or press ? or * to list all spells.
One of your tentacles grows a vicious spike.
Natasha hisses angrily.
Natasha drinks a potion.
Natasha seems to speed up.
Your transformation is almost over.
You barely miss Natasha. You grab Natasha.
You constrict Natasha, but do no damage.
Natasha claws you. Natasha casts a spell at you.
You feel yourself slow down.
You barely miss Natasha.
You pierce Natasha.
Natasha is moderately wounded.
You constrict Natasha. Natasha misses you.
Natasha casts a spell.
You tentacle-slap Natasha.
Natasha is severely wounded.
You constrict Natasha. Natasha claws you! x2
Ouch! That really hurt!
You die...

.## #.# .## #.# ..# #.#
.## #.# ## ## #.# #. .##
##.####### #. ..##
#........##.#####. ...##
#.#..###.#........
....###†...###.#@h##...
....'.....>....5........
....###....###.##.##....
...## #.#..# #.# ..# ...
..## #.##.# #.# .#.. .
... #........# ..... ###
### .##### ## #.# .#


You could see Natasha (fast) and a cerulean imp (summoned).

Vanquished Creatures
  A dart slug (D:2)
  3 bats
  An endoplasm (D:1)
  A giant cockroach (D:1)
  3 kobolds
  A quokka (D:1)
  3 ball pythons
  2 frilled lizards (D:1)
  2 rats
17 creatures vanquished.

Notes
Turn   | Place    | Note
-------+----------+-------------------------------------------
     0 | D:1      | dorian the Octopode Transmuter began the quest for the Orb.
     0 | D:1      | Reached XP level 1. HP: 13/13 MP: 3/3
   159 | D:1      | Reached XP level 2. HP: 17/18 MP: 3/5
   730 | D:2      | Noticed Natasha
   736 | D:2      | Slain by Natasha

Illustrated notes

Levels and vault maps discovered:
D:1:      psy_arrival_basics, layout_rooms, nrook_mini_backslash
D:2:      layout_loops_corners, uniq_natasha

Action                     || total
---------------------------++-------
  Melee: Unarmed           ||    36
         Constrict         ||    12
         Tentacles         ||     7
         Kick              ||    10
         Punch             ||     1
   Cast: Beastly Appendage ||    15
   Stab: Sleeping          ||     1
 Armour: Skin              ||     8
  Dodge: Dodged            ||    23
